[Event "Titled Tuesday Blitz November 14 Late 2023"]
[White "Shapiro, Viktor"]
[Black "Hong, Andrew"]
[WhiteFideId "4175700"]
[BlackFideId "2099438"]
[WhiteElo "2570"]
[BlackElo "2917"]
[Result "0-1"]
[Round "2"]
[TimeControl "180+1"]
[Date "2023.11.14"]
[WhiteClock "0:01:19"]
[BlackClock "0:01:06"]
[Board "22"]

1. c4 Nf6 2. Nc3 e5 3. g3 Bc5 4. Bg2 d6 5. e3 a6 6. Nge2 Nc6 7. d4 Ba7 8. h3 O-O 9. O-O Bf5 10. g4 Bg6 11. f4 h6 12. f5 Bh7 13. d5 Nb8 14. Ng3 Nbd7 15. Kh2 Rb8 16. a4 a5 17. Nb5 Bb6 18. b3 Nc5 19. e4 c6 20. dxc6 bxc6 21. Nc3 Nxb3 22. Rb1 Nxc1 23. Qxc1 Nd7 24. Rd1 Bc5 25. Rxb8 Qxb8 26. g5 hxg5 27. Qxg5 Qd8 28. Qh4 Qxh4 0-1


[Site "https://www.chess.com"]

[Event "Titled Tuesday Blitz November 14 Late 2023"]
[White "Sjugirov, Sanan"]
[Black "Taboas Rodriguez, Daniel"]
[WhiteFideId "4189302"]
[BlackFideId "2208466"]
[WhiteElo "2913"]
[BlackElo "2569"]
[Result "0-1"]
[Round "2"]
[TimeControl "180+1"]
[Date "2023.11.14"]
[WhiteClock "0:00:00"]
[BlackClock "0:00:12"]
[Board "23"]

1. e4 e5 2. Nf3 Nc6 3. Bc4 Bc5 4. d3 Nf6 5. a4 d6 6. O-O a6 7. c3 Ba7 8. a5 Be6 9. Bxe6 fxe6 10. Be3 O-O 11. Bxa7 Rxa7 12. Nbd2 Nh5 13. g3 Qf6 14. Qe2 Raa8 15. Qe3 h6 16. d4 exd4 17. cxd4 e5 18. Qb3+ Kh8 19. Qxb7 Nxd4 20. Nxd4 exd4 21. Qxc7 Qg5 22. Rad1 Nf4 23. Qxd6 Rad8 24. Qxa6 Nh3+ 25. Kg2 Nxf2 26. Rxf2 Rxf2+ 27. Kxf2 Qe3+ 28. Kg2 d3 29. Rf1 Qxd2+ 30. Kh3 Qe2 31. Rf4 Qh5+ 32. Rh4 Qe8 33. Rxh6+ gxh6 34. Qxh6+ Kg8 35. Qg5+ Kf7 36. Qf5+ Kg7 37. Qg5+ Kh7 38. Qh4+ Kg6 39. Qg4+ Kh6 40. Qf4+ Kh7 41. Qh4+ Kg7 42. Qg5+ Kf7 43. Qf5+ Ke7 44. Qe5+ Kd7 45. Qd5+ Kc7 46. Qc5+ Qc6 47. Qe5+ Rd6 0-1


[Site "https://www.chess.com"]

[Event "Titled Tuesday Blitz November 14 Late 2023"]
[White "The_Straightforward_Rook"]
[Black "Yeletsky, Ivan"]
[BlackFideId "24180327"]
[WhiteElo "2568"]
[BlackElo "2910"]
[Result "0-1"]
[Round "2"]
[TimeControl "180+1"]
[Date "2023.11.14"]
[WhiteClock "0:02:16"]
[BlackClock "0:01:42"]
[Board "24"]

1. e4 d5 2. exd5 Qxd5 3. Nc3 Qd6 4. Nf3 Nf6 5. d4 c6 6. g3 Bg4 7. Bg2 e6 8. Bf4 Qd8 9. O-O Bd6 10. h3 Bxf3 11. Qxf3 Bxf4 12. Qxf4 O-O 13. Rad1 Na6 14. a3 Nc7 15. Ne4 Ncd5 16. Nxf6+ Qxf6 17. Qxf6 Nxf6 18. b4 Rfd8 19. c3 Nd5 20. Bxd5 cxd5 21. Rb1 Rdc8 22. Rfc1 Rc4 23. Kf1 Rac8 24. Ke2 Rxc3 25. Rxc3 Rxc3 26. Kd2 Rxa3 27. Rc1 g6 28. Rc7 b6 29. Ke2 Rb3 30. Rxa7 Rxb4 31. Ke3 Kg7 32. g4 Rb3+ 33. Kf4 Rxh3 34. g5 h6 35. gxh6+ Rxh6 36. Ke5 Rh5+ 37. Kd6 Rh4 38. Ra4 Rf4 39. Kc6 Rxf2 40. Kxb6 g5 41. Kc6 g4 42. Kd6 g3 43. Ke5 g2 44. Ra1 Rf1 0-1


[Site "https://www.chess.com"]

[Event "Titled Tuesday Blitz November 14 Late 2023"]
[White "Kashefi, Amir Hosein"]
[Black "Zhigalko, Sergei"]
[WhiteFideId "12557935"]
[BlackFideId "13502956"]
[WhiteElo "2568"]
[BlackElo "2893"]
[Result "0-1"]
[Round "2"]
[TimeControl "180+1"]
[Date "2023.11.14"]
[WhiteClock "0:00:00"]
[BlackClock "0:00:04"]
[Board "25"]

1. Nf3 d5 2. g3 c6 3. Bg2 Bg4 4. O-O e6 5. b3 Nf6 6. Bb2 Be7 7. d3 O-O 8. Nbd2 a5 9. c4 a4 10. Rb1 axb3 11. axb3 Nbd7 12. Ra1 Qb6 13. Qc2 h6 14. Bc3 Bb4 15. Qb2 Rfd8 16. Rxa8 Rxa8 17. Ra1 Rd8 18. Ra4 Bxc3 19. Qxc3 Bxf3 20. Bxf3 Nc5 21. Ra2 Na6 22. Qa5 Qxa5 23. Rxa5 Nd7 24. h4 Kf8 25. Kf1 Ke7 26. Ke1 Kd6 27. Kd1 g5 28. hxg5 hxg5 29. Ke1 f5 30. g4 f4 31. e3 Nb4 32. Ke2 Ne5 33. d4 Ned3 34. Ra7 Kc7 35. Ra1 Rh8 36. c5 fxe3 37. fxe3 Rh2+ 38. Kd1 Nf2+ 39. Kc1 Nfd3+ 40. Kd1 e5 41. dxe5 Nf2+ 42. Kc1 Nfd3+ 43. Kd1 Nxe5 44. Ra8 Rxd2+ 45. Kxd2 Nxf3+ 46. Kc3 Na6 47. b4 Ne5 48. Rg8 Nxg4 49. Kd4 Nxb4 50. Rg7+ Kb8 51. Rxg5 Nf2 52. Rg7 Ne4 53. Rg8+ Ka7 54. Rg2 Na6 55. Rc2 Nexc5 56. Ra2 Kb6 57. Ke5 Kc7 0-1


[Site "https://www.chess.com"]

[Event "Titled Tuesday Blitz November 14 Late 2023"]
[White "Salinas Herrera, Pablo"]
[Black "Ribeiro, Matheus Mendes Domingues"]
[WhiteFideId "3407128"]
[BlackFideId "324226923"]
[WhiteElo "2891"]
[BlackElo "2562"]
[Result "1-0"]
[Round "2"]
[TimeControl "180+1"]
[Date "2023.11.14"]
[WhiteClock "0:01:09"]
[BlackClock "0:00:09"]
[Board "26"]

1. d4 d5 2. Nf3 e6 3. Bf4 Nf6 4. e3 Bd6 5. Nbd2 O-O 6. Bd3 b6 7. Qe2 Bb7 8. Ne5 c5 9. c3 Nc6 10. Ndf3 Ne4 11. h4 f6 12. Nxc6 Bxc6 13. h5 Bxf4 14. exf4 Qd6 15. Qe3 cxd4 16. Nxd4 e5 17. fxe5 fxe5 18. Nxc6 Qxc6 19. Bxe4 dxe4 20. O-O-O Qc5 21. Qxc5 bxc5 22. Rd2 Rad8 23. Rxd8 Rxd8 24. Re1 Rf8 25. Re2 Rf5 26. Kd2 Rxh5 27. Rxe4 Rh2 28. Rxe5 Rxg2 29. Ke3 g6 30. Rxc5 h5 31. Kf3 Rg1 32. b4 h4 33. Rc4 h3 34. Rh4 g5 35. Rh5 Kg7 36. Ke4 Kg6 37. Rh8 g4 38. Kf4 Rg2 39. f3 gxf3 40. Rxh3 f2 41. Rf3 f1=Q 42. Rxf1 Rxa2 43. Ke4 a5 44. bxa5 Rxa5 45. c4 Ra8 46. c5 Re8+ 47. Kd5 Rd8+ 48. Kc6 Rc8+ 49. Kb6 Rf8 50. Rxf8 1-0


[Site "https://www.chess.com"]

[Event "Titled Tuesday Blitz November 14 Late 2023"]
[White "Kowalski, Igor"]
[Black "Karamsetty, Jeevan"]
[WhiteFideId "1172468"]
[BlackFideId "2025337"]
[WhiteElo "2878"]
[BlackElo "2560"]
[Result "1-0"]
[Round "2"]
[TimeControl "180+1"]
[Date "2023.11.14"]
[WhiteClock "0:02:14"]
[BlackClock "0:01:06"]
[Board "27"]

1. d4 g6 2. e4 d6 3. Nc3 Bg7 4. Nf3 Nf6 5. Bc4 O-O 6. Qe2 e6 7. Bg5 h6 8. Bh4 g5 9. Bg3 d5 10. Bb3 dxe4 11. Nxe4 Nxe4 12. Qxe4 f5 13. Qe2 f4 14. Bxe6+ Bxe6 15. Qxe6+ Kh8 16. O-O-O fxg3 17. hxg3 Qf6 18. Qg4 Nc6 19. Nxg5 Nxd4 20. Rxd4 Qxd4 21. Rxh6+ Kg8 22. Qe6+ 1-0


[Site "https://www.chess.com"]

[Event "Titled Tuesday Blitz November 14 Late 2023"]
[White "sjoerd893"]
[Black "Kovalenko, Igor"]
[BlackFideId "14117908"]
[WhiteElo "2558"]
[BlackElo "2877"]
[Result "1/2-1/2"]
[Round "2"]
[TimeControl "180+1"]
[Date "2023.11.14"]
[WhiteClock "0:00:05"]
[BlackClock "0:01:18"]
[Board "28"]

1. e4 d5 2. exd5 Qxd5 3. Nc3 Qa5 4. d4 Nf6 5. Nf3 c6 6. Bc4 Bf5 7. Bd2 Nbd7 8. Qe2 Qc7 9. O-O-O e6 10. Nh4 Bg6 11. Rhe1 O-O-O 12. g3 Bh5 13. f3 Bd6 14. Ne4 Nxe4 15. Qxe4 Nf6 16. Qe3 Kb8 17. Ng2 Nd5 18. Qf2 b5 19. Bb3 a5 20. a4 bxa4 21. Bxa4 Ka8 22. c4 Nb4 23. Re3 Rb8 24. c5 Bg6 25. Bxb4 Rxb4 26. cxd6 Qxd6 27. Bc2 Rhb8 28. Bxg6 hxg6 29. Re2 a4 30. Rc2 a3 31. bxa3 Rb3 32. Ne3 Qxa3+ 33. Kd2 R8b4 34. Ke2 Qa6+ 35. Ke1 Kb7 36. Rcd2 Rc3 37. Qe2 Rbb3 38. Qxa6+ Kxa6 39. Ng4 Rxf3 40. Ra2+ Kb5 41. Rf2 f6 42. Rxf3 Rxf3 43. Ke2 Rb3 44. Ne3 g5 45. Rd2 Rb4 46. Kd3 Rb3+ 47. Ke2 Rb4 48. h3 Rb3 49. Rc2 Kb6 50. h4 gxh4 51. gxh4 Kc7 52. h5 Kd6 53. Kf3 Rb1 54. Rg2 Rh1 55. Rxg7 Rxh5 56. Ke4 Rh4+ 57. Kd3 c5 58. dxc5+ Kxc5 59. Rf7 Rf4 60. Re7 Kd6 61. Rf7 e5 62. Nc4+ Ke6 63. Rf8 Rd4+ 64. Kc3 Rd7 65. Re8+ Kf5 66. Rf8 Kg5 67. Nd2 Kg6 68. Ne4 Rc7+ 69. Kd3 Rc6 70. Rxf6+ Rxf6 71. Nxf6 Kxf6 72. Ke4 Ke6 73. Ke3 Kd5 74. Kd3 e4+ 75. Ke3 Ke5 76. Ke2 Kd4 77. Kd2 e3+ 78. Ke2 Ke4 79. Ke1 Ke5 80. Ke2 Kf4 81. Ke1 Kf3 82. Kf1 Ke4 83. Ke2 Kd4 84. Ke1 Kd5 85. Ke2 Ke4 86. Ke1 Kd3 87. Kd1 Kd4 88. Ke2 Ke4 1/2-1/2


[Site "https://www.chess.com"]

[Event "Titled Tuesday Blitz November 14 Late 2023"]
[White "Fernandez Reyes, Lisandro"]
[Black "Eljanov, Pavel"]
[WhiteFideId "3504190"]
[BlackFideId "14102951"]
[WhiteElo "2556"]
[BlackElo "2876"]
[Result "0-1"]
[Round "2"]
[TimeControl "180+1"]
[Date "2023.11.14"]
[WhiteClock "0:01:10"]
[BlackClock "0:01:26"]
[Board "29"]

1. e4 c6 2. d4 d5 3. e5 Bf5 4. h4 h5 5. Bg5 Qb6 6. Bd3 Qxd4 7. Nf3 Qg4 8. Bxf5 Qxf5 9. c4 e6 10. O-O Nd7 11. Nbd2 Bc5 12. a3 f6 13. exf6 gxf6 14. Be3 e5 15. cxd5 cxd5 16. Qa4 Bxe3 17. fxe3 Qe6 18. Rac1 Ne7 19. Rc7 Rd8 20. Qxa7 Rg8 21. Qxb7 Nf5 22. e4 Ne3 23. exd5 Rxg2+ 0-1


[Site "https://www.chess.com"]

[Event "Titled Tuesday Blitz November 14 Late 2023"]
[White "Henriquez Villagra, Cristobal"]
[Black "Fieberg, Samuel"]
[WhiteFideId "3409350"]
[BlackFideId "12901717"]
[WhiteElo "2872"]
[BlackElo "2555"]
[Result "1-0"]
[Round "2"]
[TimeControl "180+1"]
[Date "2023.11.14"]
[WhiteClock "0:01:08"]
[BlackClock "0:00:08"]
[Board "30"]

1. e4 e6 2. d3 d5 3. e5 c5 4. f4 Nc6 5. Nf3 Nge7 6. g3 b6 7. Bg2 Bb7 8. O-O h5 9. Nh4 g6 10. c3 d4 11. c4 Nf5 12. Nxf5 gxf5 13. Nd2 h4 14. Nf3 hxg3 15. hxg3 Be7 16. Qe2 Qd7 17. Bd2 a5 18. Kf2 O-O-O 19. Rh1 Rdg8 20. a3 a4 21. Rxh8 Rxh8 22. Rh1 Rxh1 23. Bxh1 Na5 24. Bxa5 bxa5 25. Bg2 Qd8 26. Ne1 Bxg2 27. Nxg2 Qb6 28. Qc2 Qb3 29. Qxb3 axb3 30. a4 Kd7 31. Ne1 Ke8 32. Nf3 Kf8 33. Nd2 Bd8 34. Nxb3 Bb6 35. g4 fxg4 36. Kg3 f5 37. exf6 Kf7 38. Kxg4 Kxf6 39. Nd2 Kg6 40. Ne4 Ba7 41. Ng3 Kf6 42. f5 exf5+ 43. Nxf5 Ke5 44. Nh4 Ke6 45. Kf4 Kf6 46. Ke4 Ke6 47. Nf3 Bb6 48. Ng5+ Kd6 49. Nh3 Ke6 50. Nf4+ Kd6 51. Kf5 Ba7 52. Ne6 Bb6 53. Ng5 Ba7 54. Ne4+ Kc6 55. Ke5 Bb8+ 56. Ke6 Bc7 57. Ng5 Bf4 58. Nf7 Bc1 59. Ne5+ Kb6 60. Kd5 Bxb2 61. Nd7+ Kc7 62. Nxc5 1-0


[Site "https://www.chess.com"]

[Event "Titled Tuesday Blitz November 14 Late 2023"]
[White "Ozates, Tuna"]
[Black "Beerdsen, Thomas"]
[WhiteFideId "6354521"]
[BlackFideId "1030108"]
[WhiteElo "2554"]
[BlackElo "2870"]
[Result "0-1"]
[Round "2"]
[TimeControl "180+1"]
[Date "2023.11.14"]
[WhiteClock "0:00:02"]
[BlackClock "0:01:22"]
[Board "31"]

1. e4 e5 2. Nc3 Nc6 3. g3 g6 4. Bg2 Bg7 5. d3 Nge7 6. Nge2 d6 7. O-O O-O 8. Be3 f5 9. f4 Kh8 10. d4 exd4 11. Nxd4 fxe4 12. Nxe4 Nf5 13. Nxf5 Bxf5 14. Re1 Qd7 15. Bd2 d5 16. Nc5 Qf7 17. c3 b6 18. Nb3 Rad8 19. Be3 Be4 20. Nd4 Ne7 21. Nb5 c6 22. Nxa7 Bxg2 23. Kxg2 d4 24. Bxd4 Bxd4 25. cxd4 Rd7 26. d5 Rxa7 27. d6 Nf5 28. g4 Nh4+ 29. Kh3 Qxf4 30. Re7 Nf3 31. Qe2 Qh6+ 32. Kg2 Qxh2+ 33. Kf1 Qg1# 0-1


[Site "https://www.chess.com"]

[Event "Titled Tuesday Blitz November 14 Late 2023"]
[White "Rustemov, Alexander"]
[Black "angelgab3"]
[WhiteFideId "4119002"]
[WhiteElo "2864"]
[BlackElo "2553"]
[Result "1-0"]
[Round "2"]
[TimeControl "180+1"]
[Date "2023.11.14"]
[WhiteClock "0:00:38"]
[BlackClock "0:00:09"]
[Board "32"]

1. d4 Nf6 2. c4 e6 3. Nf3 d5 4. Bg5 dxc4 5. Qa4+ Nbd7 6. Qxc4 a6 7. g3 b5 8. Qd3 Bb7 9. Bg2 c5 10. O-O Be7 11. Rd1 O-O 12. Nc3 Rc8 13. dxc5 Nxc5 14. Qxd8 Rfxd8 15. Ne5 Bxg2 16. Kxg2 h6 17. Rxd8+ Bxd8 18. Be3 b4 19. Nd1 Nd5 20. Rc1 Be7 21. Nd3 Nxe3+ 22. Nxe3 a5 23. Nxc5 Rxc5 24. Rxc5 Bxc5 25. Nc4 a4 26. b3 axb3 27. axb3 g5 28. Nb2 f5 29. Nd3 Bd6 30. f3 Kf7 31. g4 Kg6 32. h3 h5 33. Kf2 hxg4 34. hxg4 Kf6 35. Ke3 e5 36. Ne1 e4 37. Kd4 Be5+ 38. Kd5 Bc3 39. Nc2 exf3 40. exf3 Bd2 41. Nd4 fxg4 42. fxg4 Bc3 43. Ne6 Bd2 44. Nc5 Be1 45. Ne4+ Kg6 46. Ke6 Bc3 47. Nd6 Bd2 48. Nc4 Be1 49. Ne5+ Kh6 50. Kf5 Bd2 51. Nf7+ Kg7 52. Nxg5 Kf8 53. Ne4 Ke7 54. Nxd2 1-0


[Site "https://www.chess.com"]

[Event "Titled Tuesday Blitz November 14 Late 2023"]
[White "Ocelak, Jakub"]
[Black "Szpar, Milosz"]
[WhiteFideId "23707933"]
[BlackFideId "1184989"]
[WhiteElo "2552"]
[BlackElo "2859"]
[Result "0-1"]
[Round "2"]
[TimeControl "180+1"]
[Date "2023.11.14"]
[WhiteClock "0:00:17"]
[BlackClock "0:00:29"]
[Board "33"]

1. d4 d5 2. Nf3 Nf6 3. Bf4 e6 4. e3 c5 5. Nbd2 Nc6 6. c3 cxd4 7. exd4 Nh5 8. Be3 Bd6 9. Ne5 Nf6 10. f4 Qb6 11. Qb3 Ng8 12. Be2 Nh6 13. O-O Nf5 14. Bf2 f6 15. Nd3 h5 16. Rfe1 Bd7 17. Bf3 O-O-O 18. Qxb6 axb6 19. Nf1 g5 20. fxg5 fxg5 21. Ne3 Nce7 22. Ne5 Bxe5 23. dxe5 Kc7 24. Rad1 g4 25. Be2 Rdg8 26. Nxf5 Nxf5 27. Bd3 g3 28. hxg3 Nxg3 29. Re3 h4 30. Bxg3 hxg3 31. Rf1 Rg5 32. Rff3 Rhg8 33. c4 Bc6 34. Rf7+ Kb8 35. Rf6 d4 36. Re2 Rh8 37. Kf1 Rh1# 0-1


[Site "https://www.chess.com"]

[Event "Titled Tuesday Blitz November 14 Late 2023"]
[White "The_Sherman_Variation"]
[Black "Tactrics"]
[WhiteElo "2551"]
[BlackElo "2854"]
[Result "0-1"]
[Round "2"]
[TimeControl "180+1"]
[Date "2023.11.14"]
[WhiteClock "0:01:16"]
[BlackClock "0:01:40"]
[Board "34"]

1. e4 e6 2. d4 d5 3. e5 c5 4. c3 Nc6 5. Nf3 Qb6 6. a3 c4 7. Nbd2 Na5 8. Rb1 Bd7 9. h4 Qc7 10. b4 cxb3 11. Nxb3 Ba4 12. Nfd2 Ne7 13. Rh3 Nec6 14. Bd3 Nxb3 15. Nxb3 Na5 16. Bc2 Nc4 17. Nd2 Bxc2 18. Qxc2 Nxd2 19. Qa4+ Qd7 20. Qxd7+ Kxd7 21. Kxd2 Rb8 22. c4 dxc4 23. Rc3 b5 24. Rxc4 Bxa3 25. Rc2 Be7 26. Ra2 Rb7 27. Rba1 a5 28. Kd3 a4 29. Rb1 Rc8 30. Bd2 Ra8 31. Bb4 Bxh4 32. Rh1 Be7 33. Bxe7 Kxe7 34. Rxh7 b4 35. Rxg7 b3 36. Ra1 b2 37. Rb1 a3 0-1


[Site "https://www.chess.com"]

[Event "Titled Tuesday Blitz November 14 Late 2023"]
[White "Zakhartsov, Vladimir"]
[Black "Cervantes Landeiro, Thalia"]
[WhiteFideId "4145097"]
[BlackFideId "3520498"]
[WhiteElo "2849"]
[BlackElo "2549"]
[Result "1-0"]
[Round "2"]
[TimeControl "180+1"]
[Date "2023.11.14"]
[WhiteClock "0:01:07"]
[BlackClock "0:00:00"]
[Board "35"]

1. d4 Nf6 2. c4 g6 3. Nc3 d5 4. cxd5 Nxd5 5. Bd2 Bg7 6. e4 Nxc3 7. Bxc3 O-O 8. Nf3 Nd7 9. Bc4 c5 10. d5 Bxc3+ 11. bxc3 Qa5 12. Qd2 b5 13. Bd3 c4 14. Bc2 Nc5 15. O-O Qc7 16. Qh6 f6 17. Nd4 Bd7 18. f4 Nd3 19. Rf3 b4 20. Bxd3 cxd3 21. Rxd3 bxc3 22. Rc1 Qc4 23. Rcxc3 Qxa2 24. h3 Rac8 25. Ra3 Qb1+ 26. Kh2 Rc1 27. Nf3 Rh1+ 28. Kg3 Qb4 29. d6 Qxe4 30. Re3 Qb4 31. Rxe7 Rf7 32. Rxf7 Kxf7 33. Qxh7+ Ke6 34. Re3+ Kxd6 35. Qe7+ 1-0


[Site "https://www.chess.com"]

[Event "Titled Tuesday Blitz November 14 Late 2023"]
[White "Pakleza, Zbigniew"]
[Black "Hirneise, Jens"]
[WhiteFideId "1119290"]
[BlackFideId "24614734"]
[WhiteElo "2823"]
[BlackElo "2549"]
[Result "1-0"]
[Round "2"]
[TimeControl "180+1"]
[Date "2023.11.14"]
[WhiteClock "0:00:03"]
[BlackClock "0:00:07"]
[Board "36"]

1. d4 d6 2. Nf3 Bg4 3. Bf4 c5 4. c3 Qb6 5. Qb3 Bxf3 6. gxf3 Nd7 7. e3 Ngf6 8. Nd2 g6 9. Bc4 e6 10. O-O d5 11. Be2 Be7 12. Qxb6 axb6 13. e4 O-O 14. a3 Rfc8 15. Be3 c4 16. Rfb1 Ra7 17. exd5 exd5 18. f4 b5 19. Re1 Nb6 20. Bf1 Na4 21. Rab1 Bd6 22. Bh3 Re8 23. f5 Kg7 24. Nf1 Raa8 25. Re2 Ne4 26. Rbe1 Kg8 27. Ng3 Nexc3 28. bxc3 Nxc3 29. Rc2 Rxa3 30. fxg6 hxg6 31. Rf1 b4 32. Bc1 Ra2 33. Rxa2 Nxa2 34. Bg2 Nc3 35. Bd2 Ne2+ 36. Nxe2 Rxe2 37. Be3 b3 38. Bxd5 b5 39. Ra1 Ra2 40. Rb1 b2 41. Be4 b4 42. Kf1 f5 43. Bd5+ Kg7 44. Bxc4 Ra1 45. Bd3 Bxh2 46. f4 g5 47. fxg5 Bd6 48. Bxf5 b3 49. Ke2 Ra5 50. Bd3 Ba3 51. Be4 Ra7 52. Kd3 Re7 53. Bd5 Rb7 54. Bxb7 Kg6 55. Bd5 1-0


[Site "https://www.chess.com"]

[Event "Titled Tuesday Blitz November 14 Late 2023"]
[White "Jaskolka, Tomasz"]
[Black "Mikaelyan, Arman"]
[WhiteFideId "1170791"]
[BlackFideId "13304852"]
[WhiteElo "2549"]
[BlackElo "2823"]
[Result "0-1"]
[Round "2"]
[TimeControl "180+1"]
[Date "2023.11.14"]
[WhiteClock "0:00:13"]
[BlackClock "0:01:23"]
[Board "37"]

1. d4 Nf6 2. Nc3 c5 3. d5 d6 4. e4 g6 5. f4 Bg7 6. Nf3 O-O 7. Bc4 b5 8. Bxb5 Nxe4 9. Nxe4 Qa5+ 10. Nc3 Bxc3+ 11. bxc3 Qxb5 12. Qd3 Ba6 13. Qxb5 Bxb5 14. Nd2 Nd7 15. c4 Ba6 16. Bb2 Nb6 17. O-O Nxc4 18. Nxc4 Bxc4 19. Rfd1 Rab8 20. Bc3 Rb6 21. Kf2 Rfb8 22. Ke3 Ra6 23. a4 Rab6 24. g4 e6 25. dxe6 fxe6 26. f5 e5 27. fxg6 hxg6 28. h4 d5 29. Ba5 Rf6 30. Rab1 Rbf8 31. Rb7 d4+ 32. Ke4 Be2 33. Re1 Bf3+ 34. Kxe5 Bxb7 0-1


[Site "https://www.chess.com"]

[Event "Titled Tuesday Blitz November 14 Late 2023"]
[White "Ivic, Velimir"]
[Black "Pinheiro, Iung Alicio de O."]
[WhiteFideId "950122"]
[BlackFideId "2104350"]
[WhiteElo "2818"]
[BlackElo "2548"]
[Result "1-0"]
[Round "2"]
[TimeControl "180+1"]
[Date "2023.11.14"]
[WhiteClock "0:01:19"]
[BlackClock "0:00:00"]
[Board "38"]

1. e4 e5 2. Nf3 Nc6 3. Bb5 a6 4. Ba4 d6 5. O-O Bd7 6. c4 Nge7 7. Nc3 Ng6 8. Bxc6 Bxc6 9. d4 Be7 10. Re1 O-O 11. Nd5 Bd7 12. b3 Re8 13. Bb2 Bf8 14. h3 c6 15. Nc3 Be6 16. Qd2 Nh4 17. Nxh4 Qxh4 18. Rad1 g6 19. d5 Bd7 20. Na4 Bh6 21. Qd3 c5 22. Nb6 Rad8 23. b4 cxb4 24. Bc1 Bxc1 25. Rxc1 f5 26. c5 fxe4 27. Rxe4 Qg5 28. Qe3 Qxe3 29. fxe3 dxc5 30. Rxc5 Bf5 31. Rxb4 Bd3 32. e4 Rf8 33. Rc3 Bb5 34. a4 Rf1+ 35. Kh2 Be2 36. Rb2 Bd1 37. Rd2 Rdf8 38. d6 1-0


[Site "https://www.chess.com"]

[Event "Titled Tuesday Blitz November 14 Late 2023"]
[White "Dragomirescu, Robin-Alexandru"]
[Black "mind1mover"]
[WhiteFideId "1213849"]
[WhiteElo "2545"]
[BlackElo "2815"]
[Result "1-0"]
[Round "2"]
[TimeControl "180+1"]
[Date "2023.11.14"]
[WhiteClock "0:00:10"]
[BlackClock "0:00:08"]
[Board "39"]

1. b3 Nc6 2. Bb2 d5 3. e3 a6 4. Nf3 Bg4 5. c4 e6 6. h3 Bh5 7. Be2 Nf6 8. O-O Bd6 9. d3 O-O 10. Nbd2 Nb8 11. cxd5 exd5 12. Nd4 Bg6 13. Rc1 c5 14. N4f3 Nc6 15. d4 b6 16. dxc5 bxc5 17. Nb1 d4 18. exd4 Bf4 19. Rxc5 Nb4 20. d5 Nbxd5 21. Bc4 Nb6 22. Qxd8 Rfxd8 23. Bxf6 gxf6 24. Nc3 Bd6 25. Rc6 Nxc4 26. Rxc4 Bd3 27. Rg4+ Kf8 28. Rd1 Bc5 29. Rf4 Bg6 30. Rxd8+ Rxd8 31. Rxf6 Rd3 32. Ne2 Rd1+ 33. Kh2 Bxf2 34. Rxa6 Kg7 35. Nf4 Be3 36. Nxg6 hxg6 37. Kg3 Rd3 38. Rc6 Bd4 39. Rc2 Be5+ 40. Kf2 Bf6 41. Ke2 Rd8 42. Rc4 Re8+ 43. Kf2 Rb8 44. h4 Rb7 45. Kg3 Rb8 46. Rc2 Rb7 47. Kf2 Rb6 48. g3 Rb5 49. Rd2 Rb7 50. Ke2 Rb8 51. Rd3 Rb7 52. Kd2 Rb6 53. a4 Rb7 54. Kc2 Be7 55. Rd4 Bf6 56. Rc4 Re7 57. a5 Re2+ 58. Kd3 Ra2 59. Ra4 Rg2 60. a6 Rxg3 61. a7 Rxf3+ 62. Ke4 Rxb3 63. a8=Q Rh3 64. Kd5 Rxh4 65. Rxh4 Bxh4 66. Kd6 Bf6 67. Kd7 Bd4 68. Ke8 g5 69. Qb7 Kh6 70. Qxf7 g4 71. Qf4+ Kh5 72. Qxd4 Kh4 73. Qg1 Kh3 74. Kf7 g3 75. Kg6 g2 76. Kf5 Kg3 77. Ke4 Kg4 78. Qxg2+ Kh5 79. Kf5 Kh6 80. Qg6# 1-0


[Site "https://www.chess.com"]

[Event "Titled Tuesday Blitz November 14 Late 2023"]
[White "Hafiz, Arif Abdul"]
[Black "Novik, Maxim"]
[WhiteFideId "7104227"]
[BlackFideId "4102924"]
[WhiteElo "2811"]
[BlackElo "2545"]
[Result "1-0"]
[Round "2"]
[TimeControl "180+1"]
[Date "2023.11.14"]
[WhiteClock "0:00:10"]
[BlackClock "0:00:03"]
[Board "40"]

1. e4 c6 2. d4 d5 3. e5 Bf5 4. h4 Qb6 5. g4 Bd7 6. Nc3 h5 7. gxh5 Bf5 8. Nce2 e6 9. Ng3 Ne7 10. c3 c5 11. dxc5 Qxc5 12. Be3 Qc7 13. f4 Nbc6 14. Bd3 Bxd3 15. Qxd3 O-O-O 16. Nf3 Kb8 17. a4 g6 18. hxg6 fxg6 19. Ng5 Qd7 20. Nf7 Bg7 21. Nxd8 Rxd8 22. Bc5 Bh6 23. Rf1 Nf5 24. Nxf5 gxf5 25. Bd6+ Ka8 26. O-O-O a6 27. Kb1 Na5 28. Bb4 Nc4 29. b3 Nb6 30. Qd4 Qc6 31. Qc5 Qxc5 32. Bxc5 Nd7 33. Be3 Nxe5 34. fxe5 Bxe3 35. Rf3 f4 36. h5 Rh8 37. Rh1 Kb8 38. Kc2 Kc8 39. Kd3 Kd7 40. h6 Ke7 41. h7 Kf7 42. Rfh3 Kg6 43. Rh5 Kg7 44. Ke2 Kg6 45. Kf3 Bd2 46. c4 dxc4 47. bxc4 Be3 48. Rh6+ Kg7 49. Rxe6 Kf7 50. Rf6+ Kg7 51. Rd6 Bc5 52. Rd7+ Kg6 53. Rxb7 Kf5 54. Rg7 Rb8 55. Rh5+ Ke6 56. h8=Q Rb3+ 57. Ke2 Be3 58. Qe8# 1-0


[Site "https://www.chess.com"]

[Event "Titled Tuesday Blitz November 14 Late 2023"]
[White "Ismayil, Malak"]
[Black "Ghasi, Ameet K"]
[WhiteFideId "13412604"]
[BlackFideId "409200"]
[WhiteElo "2544"]
[BlackElo "2809"]
[Result "0-1"]
[Round "2"]
[TimeControl "180+1"]
[Date "2023.11.14"]
[WhiteClock "0:00:06"]
[BlackClock "0:01:43"]
[Board "41"]

1. e4 g6 2. d4 Bg7 3. Be3 d6 4. Nc3 a6 5. Qd2 b5 6. f3 Bb7 7. h4 h6 8. h5 g5 9. Nge2 e6 10. f4 gxf4 11. Nxf4 Nf6 12. Bd3 Nbd7 13. a4 b4 14. Nce2 c5 15. dxc5 dxc5 16. Ng3 Ng4 17. Rb1 Nxe3 18. Qxe3 Bd4 19. Qe2 Qg5 0-1


[Site "https://www.chess.com"]

[Event "Titled Tuesday Blitz November 14 Late 2023"]
[White "Ongut, Tamas Gunes"]
[Black "Bazeev, German"]
[WhiteFideId "770280"]
[BlackFideId "24119350"]
[WhiteElo "2542"]
[BlackElo "2798"]
[Result "0-1"]
[Round "2"]
[TimeControl "180+1"]
[Date "2023.11.14"]
[WhiteClock "0:00:19"]
[BlackClock "0:00:39"]
[Board "42"]

1. e4 g6 2. d4 Bg7 3. Nc3 d6 4. f4 Nf6 5. Nf3 O-O 6. Bd3 Na6 7. e5 dxe5 8. fxe5 Nd5 9. Nxd5 Qxd5 10. c3 c5 11. Qe2 cxd4 12. cxd4 Bg4 13. Be4 Qa5+ 14. Bd2 Qb6 15. Bc3 Nc7 16. h3 Be6 17. O-O Bd5 18. Rac1 Rad8 19. Rfd1 Ne6 20. a3 Bh6 21. Bd2 Nxd4 22. Qf2 Ne2+ 23. Kf1 Qxf2+ 24. Kxf2 Bxd2 25. Rxd2 Nxc1 26. Bxd5 e6 27. Bc4 Rxd2+ 28. Nxd2 Rd8 29. Ke3 Kg7 30. b4 f6 31. Bxe6 Rd3+ 0-1


[Site "https://www.chess.com"]

[Event "Titled Tuesday Blitz November 14 Late 2023"]
[White "dodoucb"]
[Black "Troff, Kayden"]
[BlackFideId "2047896"]
[WhiteElo "2542"]
[BlackElo "2795"]
[Result "0-1"]
[Round "2"]
[TimeControl "180+1"]
[Date "2023.11.14"]
[WhiteClock "0:00:00"]
[BlackClock "0:00:50"]
[Board "43"]

1. e4 c5 2. Nf3 g6 3. d4 cxd4 4. Nxd4 Bg7 5. Nc3 Nc6 6. Be3 Nf6 7. Be2 O-O 8. O-O d5 9. exd5 Nxd5 10. Nxd5 Qxd5 11. Nxc6 bxc6 12. c3 Rb8 13. Qc1 a5 14. Rd1 Qe6 15. Qc2 a4 16. Bc5 Qf5 17. Qxf5 Bxf5 18. Rd2 Bh6 19. Be3 Bxe3 20. fxe3 Be6 21. Bf3 c5 22. Bc6 a3 23. bxa3 Rb6 24. Bd7 Ra8 25. a4 Bxd7 26. Rxd7 Re6 27. Rc7 Rxa4 28. Rxc5 Rxe3 29. Kf2 Re6 30. g3 Rb6 31. Rc1 Rxa2+ 32. Kf3 Rf6+ 33. Ke3 Rxh2 34. Re5 Rg2 35. Rxe7 Rxg3+ 36. Kd4 Rg4+ 37. Kc5 Rf5+ 38. Kb6 Rc4 39. Rc7 Rf6+ 40. Kb7 Ra4 41. c4 Rb4+ 42. Kc8 h5 43. c5 h4 44. c6 h3 45. Rd7 h2 46. Rd2 Rxc6+ 0-1


[Site "https://www.chess.com"]